 Dungeon Crawl Stone Soup version 0.18.1-6-gd335043 (webtiles) character file.

434 manyhoops the Chopper (level 6, -3/48 HPs)
             Began as a Demonspawn Gladiator on May 18, 2016.
             Succumbed to an orc wizard's poison
             ... on level 5 of the Dungeon.
             The game lasted 00:04:34 (3065 turns).

manyhoops the Chopper (Demonspawn Gladiator)        Turns: 3065, Time: 00:04:35

Health: -3/48      AC: 12    Str: 17    XL:     6   Next: 68%
Magic:  6/6        EV:  6    Int: 13    God:
Gold:   261        SH:  0    Dex: 16    Spells: 0 memorised, 5 levels left

rFire  . . .     SeeInvis .     a - +0 war axe
rCold  . . .     Gourm    .     n - +0 plate armour
rNeg   . . .     Faith    .     (no shield)
rPois  .         Spirit   .     c - +0 helmet
rElec  .         Dismiss  .     (no cloak)
rCorr  .         Reflect  .     (no gloves)
SustAt .         Harm     .     (no boots)
MR     .....                    (no amulet)
Stlth  ..........               (no ring)
                                h - +4 ring of intelligence

@: lethally poisoned (-3 -> -27), not resistant to hostile enchantments,
extremely unstealthy
A: hooves 1, thin skeletal structure 1, powered by death 1, powered by pain 1
a: no special abilities


You were on level 5 of the Dungeon.
You were hungry.

You visited 1 branch of the dungeon, and saw 5 of its levels.

You collected 261 gold pieces.

Inventory:

Hand Weapons
 a - a +0 war axe (weapon)
 m - a +2 flail of protection
Missiles
 d - 3 throwing nets (quivered)
Armour
 c - a +0 helmet (worn)
 n - a +0 plate armour (worn)
Jewellery
 h - a +4 ring of intelligence (left hand)
Scrolls
 j - 2 scrolls of remove curse
 k - 2 scrolls of teleportation {unknown}
 l - a scroll of fog
 o - 2 scrolls of enchant armour {unknown}
 q - a scroll of recharging {unknown}
 r - a scroll of amnesia {unknown}
Potions
 b - a potion of might
 e - a potion of invisibility
 g - a potion of heal wounds
 p - a potion of flight
 s - a potion of cancellation
Comestibles
 f - 3 bread rations
 i - 2 meat rations
 t - a beef jerky
 u - a chunk of flesh


   Skills:
 + Level 3.9 Fighting
 + Level 4.7 Axes
 - Level 1.7 Throwing
 + Level 3.6 Armour
 - Level 2.6 Dodging


You had 5 spell levels left.
You didn't know any spells.

Dungeon Overview and Level Annotations

Branches:
Dungeon (5/15)
 Temple: D:4-7

Altars:
Kikubaaqudgha
Zin

Shops:
D:5 :


Innate Abilities, Weirdness & Mutations

You have large cloven feet.
You have a somewhat thin skeletal structure (Dex +2, Stealth).
You regenerate a little health from kills.
You sometimes gain a little power by taking damage.


Message History

You are more poisoned.
You closely miss something. Your kick misses something.
* * * LOW HITPOINT WARNING * * *
You feel very sick. Something hits you but does no damage.
You barely miss something. You kick something.
* * * LOW HITPOINT WARNING * * *
You feel very sick. Something hits you but does no damage.
You are more poisoned.
You closely miss something. Your kick misses something.
* * * LOW HITPOINT WARNING * * *
You feel very sick.
You hear some strange, mumbled words.
A magic dart appears from out of thin air!
The magic dart hits you! Something hits you but does no damage.
You slash something!
Reactivating autopickup.
You feel a bit more experienced.
You die...

............########...## ####
.............#...>......###...
...............###............
................##..........##
.........................####
####........>..)........## ###
..............).........# #..
###.........)####.......###.#
#.........@# #............
#..........................
.....^.....................
.#.............##.........<
............#..#..........
####.......#.............
..#.#.... ##..........
...$.#...## ..........
..........


There were no monsters in sight!

Vanquished Creatures
  An ogre (D:4)
  2 hounds (D:4)
  An orc priest (D:4)
  2 orc wizards (D:5)
  2 worker ants
  A hound skeleton (D:4)
  5 adders
  An ooze (D:3)
  8 worms
  4 dart slugs
  4 giant geckos
  5 orcs
  6 bats
  3 giant cockroaches
  5 goblins
  5 hobgoblins
  2 jackals (D:2)
  A quokka (D:4)
  A ball python (D:1)
  6 giant newts
  A jackal skeleton (D:4)
  2 kobolds
  A quokka skeleton (D:4)
  6 rats
75 creatures vanquished.

Notes
Turn   | Place    | Note
--------------------------------------------------------------
     0 | D:1      | manyhoops the Demonspawn Gladiator began the quest for the Orb.
     0 | D:1      | Reached XP level 1. HP: 16/16 MP: 1/1
   113 | D:1      | Reached skill level 3 in Axes
   203 | D:1      | Gained mutation: You regenerate a little health from kills. [demonic ancestry]
   203 | D:1      | Reached XP level 2. HP: 10/22 MP: 2/2
   802 | D:3      | Reached skill level 1 in Armour
   802 | D:3      | Gained mutation: You have large cloven feet. [demonic ancestry]
   802 | D:3      | Reached XP level 3. HP: 17/27 MP: 3/3
  1085 | D:3      | Found a glowing silver altar of Zin.
  1097 | D:3      | Reached XP level 4. HP: 18/34 MP: 4/4
  1541 | D:2      | Reached skill level 4 in Axes
  1855 | D:4      | Gained mutation: You have a somewhat thin skeletal structure (Dex +2, Stealth). [demonic ancestry]
  1855 | D:4      | Reached XP level 5. HP: 27/39 MP: 5/5
  2148 | D:4      | Found an ancient bone altar of Kikubaaqudgha.
  2149 | D:4      | Noticed an ogre
  2229 | D:4      | Killed an ogre
  2345 | D:3      | Gained mutation: You sometimes gain a little power by taking damage. [demonic ancestry]
  2345 | D:3      | Reached XP level 6. HP: 32/47 MP: 6/6
  2898 | D:5      | Entered Level 5 of the Dungeon
  2898 | D:5      | Found Hontal's Book Shoppe.
  3064 | D:5      | HP: 1/48 [poisoned by an orc wizard]
  3065 | D:5      | Succumbed to an orc wizard's poison

Skill      XL: |  1  2  3  4  5 |
---------------+----------------+-----
Axes           | 3 4 |  4.7
Armour         | 1 2 3 |  3.6
Fighting       | 3 |  3.9
Throwing       | |  1.7
Dodging        | |  2.6

Action                   |  1- 3 |  4- 6 || total
-------------------------+-------+-------++-------
Melee: War axe           |   103 |   219 ||   322
       Kick              |    13 |    69 ||    82
  Use: Scroll            |     2 |     4 ||     6
       Potion            |       |     1 ||     1
  Eat: Chunk             |       |     7 ||     7
Armor: Leather armour    |    24 |       ||    24
       Plate armour      |       |   190 ||   190
Dodge: Dodged            |    75 |    73 ||   148
